 Dungeon Crawl Stone Soup version 0.32-a0-314-g526f7d4993 (webtiles) character file.

Game seed: 4512499920748635250

112 Newt the Trooper (level 4, -1/30 HPs)
             Began as a Gargoyle Fighter on Feb 15, 2024.
             Slain by a goblin
             ... wielding a +0 club
             ... led by Robin
              (4 damage)
             ... on level 3 of the Dungeon.
             The game lasted 00:01:52 (2040 turns).

Newt the Trooper (Gargoyle Fighter)                 Turns: 2040, Time: 00:01:52

Health: -1/30      AC: 10    Str: 22    XL:     4   Next: 93%
Magic:  4/4        EV:  9    Int:  8    God:
Gold:   87         SH:  4    Dex:  9    Spells: 3/3 levels left

rFire   . . .        a - +0 flail
rCold   . . .        c - +0 buckler
rNeg    + . .        b - +0 scale mail
rPois   ∞            (no helmet)
rElec   +            (no cloak)
rCorr   .            (no gloves)
SInv    .            (no boots)
Will    .....        (no amulet) Stlth
                     (no ring)
HPRegen 0.25/turn    (no ring)
MPRegen 0.09/turn

%: no passive effects
@: hasted, very quick
A: sickness immunity, AC +3, negative energy resistance 1, electricity
resistance, torment resistance 1, petrification resistance
a: no special abilities


You were on level 3 of the Dungeon.
You visited 1 branch of the dungeon, and saw 3 of its levels.

You collected 87 gold pieces.

Inventory:

Hand Weapons
 a - a +0 flail (weapon)
Armour
 b - a +0 scale mail (worn)
 c - a +0 buckler (worn)
Jewellery
 j - a ring of wizardry
 p - an amulet of faith
Scrolls
 g - 2 scrolls of vulnerability
 h - a scroll of amnesia
 i - 2 scrolls of fear
 l - a scroll of enchant weapon
 n - a scroll of silence
 q - a scroll of teleportation
Potions
 d - a potion of might
 e - a potion of haste
 f - 2 potions of invisibility {unknown}
 k - a potion of mutation
 m - 2 potions of heal wounds {unknown}
 o - a potion of attraction
 s - 3 potions of curing {unknown}


   Skills:
 + Level 4.3 Fighting
 * Level 4.1 Maces & Flails
 - Level 3.2 Armour
 - Level 3.2 Shields


You had 3 spell levels left.
You didn't know any spells.
Your spell library was empty.

Dungeon Overview and Level Annotations

Branches:
Dungeon (3/15)

Altars:

Annotations:
D:3 Robin


Innate Abilities, Weirdness & Mutations

You are immune to sickness and miasma.
Your stone body is resilient. (AC +3)
You are immune to poison.
You resist negative energy. (rN+)
You are resistant to electric shocks. (rElec)
You are resistant to unholy torment.
You are immune to petrification.


Message History

a +0 club; a goblin corpse You miss the goblin.
The goblin barely misses you.
Unknown command.
Unknown command.
You barely miss the goblin.
The goblin is severely wounded.
The goblin hits you but does no damage. x2
Unknown command.
Unknown command.
You barely miss the goblin.
The goblin is severely wounded.
The hobgoblin hits you but does no damage.
You block the goblin's attack. The goblin hits you but does no damage.
Unknown command.
Unknown command.
You closely miss the goblin.
The goblin is severely wounded.
The hobgoblin completely misses you.
Robin roars a battlecry!
The goblins go into a battle-frenzy!
The goblin hits you but does no damage.
Unknown command.
Unknown command.
The goblin barely misses you.
Unknown command.
The goblin closely misses you.
Unknown command.
The hobgoblin no longer looks unusually strong. x2
Unknown command.
You hit the hobgoblin.
You kill the hobgoblin!
You hit the goblin.
You kill the goblin!
Unknown command.
You hit the hobgoblin but do no damage. The hobgoblin hits you.
* * * LOW HITPOINT WARNING * * *
Unknown command.
You swap places.
Robin throws the goblin at you! The goblin hits you with a +0 club.
You die...

...#........#.. ..
###)###.....##.# #b#
##.......##.....# .b
#>.#...>..#......
...#####.#######......##
#..b.....## ##..#..# #
###.####..## .........
#.##
###b####g..####.#.####..
..... ##g)gggb@bb......#.#
#.
......#rg##S###.#<#####..#
. ..?..gg)###.##..#.# .##
......g## #..#.##.### #.
...!... ##...##....
....... ##.....##. .......
#......... ....!.#
########## ......


You could see Robin, an adder, 3 hobgoblins, 2 goblins and a rat.

Vanquished Creatures
  2 adders
  4 dart slugs
  4 bats
  4 endoplasms
  A giant cockroach (D:1)
  9 goblins
  4 hobgoblins
  4 jackals (D:2)
  2 quokkas (D:1)
  3 ball pythons
  2 frilled lizards
  5 kobolds
  4 rats
48 creatures vanquished.

Notes
Turn   | Place    | Note
-------+----------+-------------------------------------------
     0 | D:1      | Newt the Gargoyle Fighter began the quest for the Orb.
     0 | D:1      | Reached XP level 1. HP: 14/14 MP: 1/1
    98 | D:1      | Reached XP level 2. HP: 19/19 MP: 2/2
   429 | D:1      | Reached XP level 3. HP: 24/24 MP: 3/3
  1389 | D:2      | Reached XP level 4. HP: 26/29 MP: 4/4
  1849 | D:3      | Found a faded altar of an unknown god.
  2002 | D:3      | Noticed Robin
  2040 | D:3      | Slain by a goblin

Illustrated notes

Levels and vault maps discovered:
D:1:      dpeg_arrival_windows_large_door, layout_loops_ring,
          minmay_misc_feat_plants
D:2:      layout_basic
D:3:      layout_rooms, nicolae_hepliaklqana_ecumenical_no_more,
          hellmonk_ecumenical_altar_zigzags, uniq_robin

Skill      XL: |  1  2  3  4 |
---------------+-------------+-----
Maces & Flails | 3 4 |  4.1
Fighting       | 4 |  4.3
Armour         | |  3.2
Shields        | |  3.2

Action                     |  1- 3 |  4- 6 || total
---------------------------+-------+-------++-------
  Melee: Flail             |   100 |    69 ||   169
    Use: Scroll            |     6 |     5 ||    11
         Potion            |       |     1 ||     1
 Armour: Scale mail        |    96 |    77 ||   173
  Dodge: Dodged            |    55 |    59 ||   114
  Block: Buckler           |    27 |    21 ||    48

Table legend: (Time is in decaauts)
 A = Elapsed time spent in this place.
 B = Non-inter-level travel time spent in this place.
 C = Inter-level travel time spent in this place.
 D = Time resting spent in this place.
 E = Time spent auto-exploring this place.
 F = Levels seen in this place.
 G = Mean time per level.
                   A        B        C        D        E       F      G
               +--------+--------+--------+--------+--------+-----+--------+
         Total |   2077 |   1985 |     92 |      0 |   1596 |   3 |  692.3 |
       Dungeon |   2077 |   1985 |     92 |      0 |   1596 |   3 |  692.3 |
               +--------+--------+--------+--------+--------+-----+--------+

Top non-repeatable levels by time:
     D:2: 1171 daAuts
     D:1: 667 daAuts
     D:3: 237 daAuts
